 Dungeon Crawl Stone Soup version 0.29-a0-997-gf6f7e2dfe7 (webtiles) character file.

Game seed: 9443163701676771298

8041 leavemydog the Cleaver (level 11, -1/97 HPs)
             Began as a Hill Orc Fighter on Aug 4, 2022.
             Was a Follower of Kikubaaqudgha.
             Slain by a two-headed ogre
             ... wielding a +0 giant club
              (13 damage)
             ... on level 11 of the Dungeon.
             The game lasted 00:17:07 (11403 turns).

leavemydog the Cleaver (Hill Orc Fighter)          Turns: 11403, Time: 00:17:07

Health: -1/97      AC: 17    Str: 22    XL:     11   Next: 24%
Magic:  0/25       EV:  8    Int: 10    God:    Kikubaaqudgha [*.....]
Gold:   543        SH:  5    Dex: 10    Spells: 16/16 levels left

rFire   + . .      SeeInvis +   L - +3 hand axe
rCold   . . .      Faith    .   c - +0 buckler
rNeg    . . .      Spirit   +   C - +2 chain mail {rF+}
rPois   .          Reflect  .   u - +1 helmet {SInv}
rElec   .          Harm     .   (no cloak)
rCorr   .          Rampage  .   P - +0 pair of gloves
Will    .....                   (no boots)
Stlth   ..........              q - amulet of guardian spirit
HPRegen 0.26/turn               v - ring of flight
MPRegen 0.19/turn               B - ring of magical power

@: flying
A: no striking features
a: Renounce Religion, Unearth Wretches


You were on level 11 of the Dungeon.
You worshipped Kikubaaqudgha.
Kikubaaqudgha was aware of your devotion.
You visited 2 branches of the dungeon, and saw 12 of its levels.
You also visited: Bailey.

You collected 591 gold pieces.
You spent 48 gold pieces at shops.

Inventory:

Hand Weapons
 K - a +0 morningstar of protection
 L - a +3 hand axe (weapon)
Missiles
 j - 4 throwing nets
 m - 16 poisoned darts (quivered)
 A - 4 curare-tipped darts
Armour
 c - a +0 buckler (worn)
 u - a +1 helmet of see invisible (worn)
 C - a +2 chain mail of fire resistance (worn)
 P - a +0 pair of gloves (worn)
Jewellery
 g - a ring of wizardry
 q - an amulet of guardian spirit (around neck)
 v - a ring of flight (left hand)
 B - a ring of magical power (right hand)
 O - a ring of protection from cold
Wands
 a - a wand of flame (6)
 b - a wand of digging (6)
 i - a wand of paralysis (34)
 N - a wand of iceblast (18)
Scrolls
 e - 9 scrolls of teleportation
 k - 2 scrolls of amnesia
 l - a scroll of noise
 p - a scroll of magic mapping {unknown}
 r - 2 scrolls of summoning
 s - a scroll of fear {unknown}
 x - 2 scrolls of enchant weapon {unknown}
 y - a scroll of immolation {unknown}
 D - a scroll of butterflies {unknown}
 F - a scroll of enchant armour {unknown}
 G - 5 scrolls of poison
 H - 4 scrolls of blinking {unknown}
 I - a scroll of acquirement {unknown}
Potions
 d - a potion of berserk rage {unknown}
 f - 4 potions of curing
 h - a potion of heal wounds
 n - 2 potions of haste
 o - a potion of cancellation {unknown}
 t - a potion of attraction {unknown}
 w - 2 potions of brilliance {unknown}
 z - 2 potions of resistance {unknown}
 E - 3 potions of magic
 J - a potion of mutation {unknown}
 M - 2 potions of invisibility {unknown}


   Skills:
 + Level 9.4 Fighting
 - Level 14.0 Axes
 - Level 1.1 Throwing
 + Level 10.4 Armour
 + Level 6.0 Shields
 * Level 3.3 Spellcasting


You had 16 spell levels left.
You didn't know any spells.
Your spell library contained the following spells:

 Spells                   Type           Power      Damage    Failure   Level
 Magic Dart               Conj           4%         1d3       90%         1
 Necrotise                Necr           4%         1d4       90%         1
 Call Imp                 Summ           1%         N/A       97%         2
 Poisonous Vapours        Pois/Air       2%         N/A       97%         2
 Sublimation of Blood     Necr           1%         N/A       97%         2
 Mephitic Cloud           Conj/Pois/Air  1%         N/A       99%         3
 Anguish                  Hex/Necr       0%         N/A       100%        4
 Animate Dead             Necr           1%         N/A       100%        4
 Corpse Rot               Necr/Pois/Air  1%         N/A       100%        4
 Fireball                 Conj/Fire      0%         3d3       100%        5
 Iskenderun's Battlesphe  Conj           1%         2d6       100%        5
 Conjure Ball Lightning   Conj/Air       0%         3x3d6     100%        6
 Dispersal                Tloc           0%         N/A       100%        6
 Enfeeble                 Hex            0%         N/A       100%        7
 Orb of Destruction       Conj           0%         9d5       100%        7
 Disjunction              Tloc           0%         N/A       100%        8


Dungeon Overview and Level Annotations

Branches:
Dungeon (11/15)            Temple (1/1) D:4            Lair (0/5) D:10
    Orc (0/2) D:9          Bailey (visited)

Altars:
Ashenzari
Cheibriados
Dithmenos
Elyvilon
Fedhas
Gozag
Hepliaklqana
Kikubaaqudgha
Makhleb
Nemelex Xobeh
Okawaru
Qazlal
Ru
Sif Muna
Trog
Uskayaw
Vehumet
Wu Jian
Xom
Yredelemnul
Zin
The Shining One
Beogh

Shops:
D:1 =   D:3 *   D:4 (   D:9 *


Message History

HP restored.
A two-headed ogre comes into view. It is wielding two +0 giant clubs.
The two-headed ogre shouts in stereo!
A two-headed ogre is nearby!
The two-headed ogre hits you with a +0 giant club.
The two-headed ogre hits you with a +0 giant club!!
You hit the two-headed ogre.
The two-headed ogre is lightly wounded.
You barely miss the two-headed ogre.
The two-headed ogre is lightly wounded.
The two-headed ogre hits you but does no damage.
The two-headed ogre hits you with a +0 giant club!!
You slash the two-headed ogre!
The two-headed ogre is moderately wounded.
You hit the two-headed ogre but do no damage.
The two-headed ogre is moderately wounded.
You hit the two-headed ogre.
The two-headed ogre is moderately wounded.
The two-headed ogre hits you with a +0 giant club! x2
You are too injured to fight recklessly!
You are too injured to fight recklessly!
You are too injured to fight recklessly!
You are too injured to fight recklessly!
You are too injured to fight recklessly!
You slash the two-headed ogre!
The two-headed ogre is heavily wounded.
You slash the two-headed ogre!
The two-headed ogre is severely wounded.
The two-headed ogre hits you with a +0 giant club!
The two-headed ogre hits you with a +0 giant club!!
* * * LOW HITPOINT WARNING * * *
You slash the two-headed ogre!
The two-headed ogre is almost dead.
You closely miss the two-headed ogre.
The two-headed ogre is almost dead.
You hit the two-headed ogre but do no damage.
The two-headed ogre is almost dead.
The two-headed ogre hits you with a +0 giant club!
You die...
Kikubaaqudgha rasps: "You have failed me!
Welcome... death!"

. # . ## #.##.# .#
####.##.# .# #.......#
.# #.......# ######
.#####.##.##.# .....#
.....#.##....####.....#
..........#.....@O....#
.....#........###.....#
.#.###........# .....#
.#.# ########.# ######
.#.# #.# .#.# #.# ...#
#.# #### #.# # ...


You could see a two-headed ogre.

Vanquished Creatures
  2 two-headed ogres (D:10)
  An unseen horror (D:11)
  2 kobold demonologists (D:11)
  A komodo dragon (D:10)
  A troll (D:10)
  The ghost of JanusColdHeart the Conjurer, an amateur OpCj (D:4)
  A shadow (D:9)
  4 yaks (D:9)
  A wyvern (D:9)
  2 steam dragons
  A vampire mosquito (D:10)
  4 water moccasins
  Duvessa (D:4)
  3 ice beasts
  An orc warrior (D:9)
  A sky beast (D:6)
  3 black bears
  An ogre (D:5)
  4 centaurs
  2 wolves (D:10)
  3 kobold brigands
  A necrophage (D:6)
  3 bullfrogs
  A gnoll sergeant (D:11)
  3 scorpions
  Dowan (D:4)
  4 wights (D:7)
  6 killer bees (D:9)
  4 electric eels (D:10)
  7 hounds
  5 orc priests
  7 iguanas
  4 orc wizards
  4 gnolls (D:11)
  9 adders
  2 white imps
  An ufetubus (D:6)
  2 worms (D:3)
  4 dart slugs
  34 orcs
  3 endoplasms
  3 giant cockroaches
  11 hobgoblins
  2 jackals (D:4)
  7 quokkas
  4 ball pythons
  4 bats
  4 frilled lizards
  10 goblins
  12 kobolds
  5 rats
207 creatures vanquished.

Vanquished Creatures (others)
  A vampire mosquito (D:10)
  A kobold (D:10)
2 creatures vanquished.

Grand Total: 209 creatures vanquished

Notes
Turn   | Place    | Note
-------+----------+-------------------------------------------
     0 | D:1      | leavemydog the Hill Orc Fighter began the quest for the
                  | Orb.
     0 | D:1      | Reached XP level 1. HP: 19/19 MP: 1/1
   140 | D:1      | Reached skill level 3 in Axes
   142 | D:1      | Reached XP level 2. HP: 18/27 MP: 2/2
   443 | D:1      | Found Rashrem's Jewellery Shop.
  1056 | D:2      | Found a shimmering altar of Xom.
  1145 | D:2      | Reached XP level 3. HP: 31/33 MP: 3/3
  1212 | D:2      | Found a faded altar of an unknown god.
  1678 | D:3      | Found Miarox Qugaj's General Store.
  1685 | D:3      | Bought a scroll of identify for 22 gold pieces
  1707 | D:3      | Noticed a black bear
  1717 | D:3      | Killed a black bear
  1718 | D:3      | Reached skill level 5 in Axes
  1718 | D:3      | Reached XP level 4. HP: 32/40 MP: 0/4
  1718 | D:3      | Reached XP level 5. HP: 37/46 MP: 0/5
  2312 | D:4      | Found Itsiu's Weapon Emporium.
  2316 | D:4      | Noticed an ice beast
  2322 | D:4      | Killed an ice beast
  2323 | D:4      | Reached skill level 6 in Axes
  2323 | D:4      | Reached XP level 6. HP: 46/53 MP: 4/6
  2361 | D:4      | Noticed Duvessa
  2362 | D:4      | Noticed Dowan
  2386 | D:4      | Killed Duvessa
  2387 | D:4      | Reached skill level 7 in Axes
  2389 | D:4      | Killed Dowan
  2466 | D:4      | Reached XP level 7. HP: 31/60 MP: 5/7
  2737 | D:4      | Found a staircase to the Ecumenical Temple.
  2760 | Temple   | Entered the Ecumenical Temple
  3084 | D:4      | Reached skill level 8 in Axes
  3152 | D:4      | Found a large runed translucent door.
  3152 | D:4      | Found a large runed translucent door.
  3155 | D:4      | Noticed JanusColdHeart's ghost (amateur OpCj)
  3380 | D:4      | Found an opulent altar of Gozag.
  3424 | D:4      | Killed JanusColdHeart's ghost
  3425 | D:4      | Reached skill level 5 in Armour
  3454 | D:5      | Entered Level 5 of the Dungeon
  3558 | D:5      | Reached skill level 9 in Axes
  3585 | D:5      | Reached skill level 5 in Fighting
  3663 | D:5      | Reached XP level 8. HP: 33/68 MP: 7/8
  3979 | D:5      | Reached skill level 10 in Axes
  4685 | D:6      | Found an ornate altar of the Wu Jian Council.
  4782 | D:6      | Reached skill level 11 in Axes
  4958 | D:6      | Reached XP level 9. HP: 68/74 MP: 9/9
  5115 | D:6      | Reached skill level 12 in Axes
  5309 | D:6      | Found a shimmering altar of Xom.
  6176 | D:8      | Found a flagged portal.
  6186 | Bailey   | Entered a bailey
  6524 | D:8      | Reached skill level 13 in Axes
  6529 | D:8      | Noticed a boulder beetle
  7068 | D:9      | Reached XP level 10. HP: 22/84 MP: 5/10
  7070 | D:9      | Reached skill level 5 in Shields
  7073 | D:9      | Reached skill level 14 in Axes
  7073 | D:9      | Reached skill level 1 in Throwing
  7655 | D:9      | Reached skill level 1 in Spellcasting
  7987 | D:9      | Found a roughly hewn altar of Beogh.
  7987 | D:9      | Found a staircase to the Orcish Mines.
  8136 | D:9      | Found Oppoon's General Store.
  8170 | D:9      | Found a glowing silver altar of Zin.
  8170 | D:9      | Noticed an angel
  8441 | D:9      | Bought a scroll of identify for 26 gold pieces
  8502 | D:9      | Found an ancient bone altar of Kikubaaqudgha.
  8523 | D:9      | Found a sacrificial altar of Ru.
  8648 | D:9      | Became a worshipper of Kikubaaqudgha
  8683 | D:10     | Entered Level 10 of the Dungeon
  8957 | D:10     | Found a white marble altar of Elyvilon.
  8991 | D:10     | Noticed a two-headed ogre
  9010 | D:10     | Killed a two-headed ogre
  9624 | D:10     | Found a staircase to the Lair.
  9981 | D:10     | Noticed a two-headed ogre
 10003 | D:10     | Killed a two-headed ogre
 10004 | D:10     | Reached skill level 10 in Armour
 10004 | D:10     | Reached XP level 11. HP: 13/97 MP: 4/15
 10460 | D:10     | Found a sparkling altar of Nemelex Xobeh.
 11337 | D:11     | Reached * piety under Kikubaaqudgha
 11337 | D:11     | Received a gift from Kikubaaqudgha
 11390 | D:11     | Noticed a two-headed ogre
 11403 | D:11     | Slain by a two-headed ogre

Illustrated notes

Levels and vault maps discovered:
D:1:      wander_arrival_estate, layout_basic, serial_shops, shop,
          hex_intersection, grunt_decor_resistance, roderic_three_in_a_row
D:2:      layout_rooms, hellmonk_ecumenical_altar_leap_of_faith, basic_altar
D:3:      layout_loops_ring, serial_shops, shop
D:4:      layout_cave_pools, lemuel_coloured_pillars_altar,
          minmay_temple_entry_junction, ebering_ghost_disaster_area,
          serial_shops, shop, minmay_misc_feat_ornament, minmay_checkerbox,
          uniq_duvessa
D:5:      nicolae_cairo_tiling_large_dashed, layout_basic, fountainhead
D:6:      layout_gridville, xom_teletrap_fun, kennysheep_mini,
          gup_sewer_entry_bubbles, minmay_diced_spiral
D:7:      layout_cave_pools
D:8:      layout_loops_cross, enter_bailey_6, st_stairs_13
D:9:      layout_irregular_city, zin_angel, amethyst_overflow_temple_binary,
          david_orc_5, serial_shops, nicolae_shop_statue_plus
D:10:     layout_basic, mainiacjoe_overflow_alcove_1, old_standard_altar,
          erik_lair_island
D:11:     layout_loops_cross, portal_ice_cave_entry_animals_and_master,
          serial_bayou_pond_d, uniq_snorg, uniq_harold, uniq_maurice
Temple:   minmay_temple_curvy_branch

Skill      XL: |  1  2  3  4  5  6  7  8  9 10 11 |
---------------+----------------------------------+-----
Axes           | 3 5 6 7 9 11 13 14 | 14.0
Fighting       | 4 5 6 9 |  9.4
Armour         | 4 5 6 7 10 | 10.4
Shields        | 4 5 6 |  6.0
Throwing       | 1 |  1.1
Spellcasting   | 3 |  3.3

Action                   |  1- 3 |  4- 6 |  7- 9 | 10-12 || total
-------------------------+-------+-------+-------+-------++-------
Melee: War axe           |    96 |    62 |   234 |       ||   392
       Hand axe          |       |       |    99 |   350 ||   449
Throw: Dart              |       |       |     2 |       ||     2
Evoke: Wand              |       |       |       |     7 ||     7
  Use: Scroll            |     4 |       |     7 |     1 ||    12
       Potion            |       |     1 |     6 |     4 ||    11
Armor: Scale mail        |    45 |    28 |    21 |       ||    94
       Chain mail        |       |       |   166 |   163 ||   329
Dodge: Dodged            |    52 |    31 |   104 |    95 ||   282
Block: Buckler           |    23 |    10 |    59 |    49 ||   141

Table legend: (Time is in decaauts)
 A = Elapsed time spent in this place.
 B = Non-inter-level travel time spent in this place.
 C = Inter-level travel time spent in this place.
 D = Time resting spent in this place.
 E = Time spent auto-exploring this place.
 F = Levels seen in this place.
 G = Mean time per level.
                   A        B        C        D        E       F      G
               +--------+--------+--------+--------+--------+-----+--------+
         Total |  11253 |  10687 |    566 |   2304 |   6731 |  13 |  865.6 |
       Dungeon |  10968 |  10407 |    561 |   2304 |   6479 |  11 |  997.1 |
        Temple |    252 |    247 |      5 |      0 |    247 |   1 |  252.0 |
        Bailey |     32 |     32 |      0 |      0 |      5 |   1 |   32.0 |
               +--------+--------+--------+--------+--------+-----+--------+

Top non-repeatable levels by time:
    D:10: 2148 daAuts
     D:9: 1565 daAuts
     D:5: 1121 daAuts
     D:6: 1074 daAuts
     D:1: 1070 daAuts
     D:4: 892 daAuts
     D:7: 759 daAuts
     D:3: 759 daAuts
     D:8: 552 daAuts
     D:2: 533 daAuts
    D:11: 489 daAuts
  Temple: 252 daAuts
  Bailey: 32 daAuts
